[Event "Titled Tuesday Blitz November 07 Late 2023"]
[White "Martins, Vinicius Tine"]
[Black "Przybylski, Wojciech"]
[WhiteFideId "2112884"]
[BlackFideId "1117599"]
[WhiteElo "2398"]
[BlackElo "2514"]
[Result "1-0"]
[Round "11"]
[TimeControl "180+1"]
[Date "2023.11.07"]
[WhiteClock "0:00:21"]
[BlackClock "0:00:00"]
[Board "61"]

1. d4 d5 2. Bf4 Bf5 3. Nf3 Nf6 4. e3 e6 5. Nbd2 Nbd7 6. Ne5 Ne4 7. Nxe4 Nxe5 8. Nf6+ gxf6 9. dxe5 Rg8 10. c3 c6 11. exf6 Qxf6 12. Qb3 O-O-O 13. Qa4 e5 14. Bg3 Bc5 15. Bh4 Qh6 16. Bxd8 Rxd8 17. Be2 Qg6 18. g3 Be4 19. O-O Qe6 20. Rfe1 h5 21. Bf1 h4 22. Bg2 f5 23. Rad1 Bxg2 24. Kxg2 e4 25. Kf1 f4 26. gxf4 Qg4 27. Re2 h3 28. Ke1 Qg1+ 29. Kd2 Qxh2 30. Kc2 Qg2 31. Kb1 h2 32. Ree1 Qxf2 33. Qc2 Qh4 34. Rh1 Rh8 35. Qe2 Qg3 36. Rdf1 Bxe3 37. f5 Bc5 38. f6 Qg6 39. f7 Rf8 40. Qxh2 Rxf7 41. Qh8+ Kc7 42. Rxf7+ Kb6 43. Rf2 Bxf2 44. Qh2 Bc5 45. Ka1 e3 46. Qe2 Qe4 47. Re1 a6 48. Rd1 Ka7 49. a3 a5 50. Ka2 a4 51. Ka1 Bb6 52. Ka2 c5 53. Ka1 d4 54. cxd4 cxd4 55. Rd3 Qc6 56. Ka2 Qc4+ 57. Kb1 Qb5 58. Qc2 Qd7 59. Qe2 Qc6 60. Qe1 Qe4 61. Qe2 Bc5 62. Ka1 Bb6 63. Rd1 Qc6 64. Rd3 Qc4 65. Kb1 Ba5 66. Rxe3 Qd5 67. Rd3 Qf5 68. Qd1 Bb6 69. Ka1 Qb5 70. Qc2 Bc5 71. Qd1 b6 72. Qb1 Qd7 73. Qd1 Kb7 74. Rd2 Ka6 75. Rd3 Ka7 76. Qc2 Qd5 77. Qd2 Kb7 78. Qd1 Qd7 79. Rf3 Ka6 80. Rd3 b5 81. Rf3 Bb6 82. Qd3 Qd5 83. Rh3 Qg2 84. Rh5 Qg1+ 85. Ka2 Qg8+ 86. Ka1 Qg1+ 87. Qb1 Qf2 88. Rh3 Qe2 89. Rd3 Qe4 90. Qd1 Qe5 91. Qc2 Qd5 92. Qd1 Bc5 93. Qc2 Qc4 94. Qd2 Bb6 95. Rh3 Qe6 96. Qd3 Qe5 97. Ka2 Qe6+ 98. Ka1 Qg8 99. Qb1 Qg4 100. Rd3 Qe4 101. Qd1 Qe5 102. Qf1 Qe4 103. Rd2 Qd5 104. Re2 Qc4 105. Re1 d3 106. Rd1 Bd4 107. Qxd3 Qxd3 108. Rxd3 Bc5 109. Ka2 Kb6 110. Kb1 Be7 111. Kc2 Bc5 112. Rf3 Bd6 113. Kd3 Kc5 114. Rf5+ Kc6 115. Rh5 Be7 116. Kc2 Bc5 117. b3 axb3+ 118. Kxb3 Be7 119. Rh6+ Kc5 120. Rg6 Bf8 121. Rg5+ Kb6 122. Rf5 Be7 123. Rf7 Bc5 124. Rf6+ Kb7 125. Rg6 Kc7 126. a4 bxa4+ 127. Kxa4 Bd4 128. Kb5 Be5 129. Kc5 Bf4 130. Rg7+ Kb8 131. Kc6 Ka8 132. Rf7 Be3 133. Rf8+ Ka7 134. Re8 1-0


[Site "https://www.chess.com"]

[Event "Titled Tuesday Blitz November 07 Late 2023"]
[White "Jamal-Jamal-Jamal"]
[Black "elmusmolamas"]
[WhiteElo "2351"]
[BlackElo "2473"]
[Result "1-0"]
[Round "11"]
[TimeControl "180+1"]
[Date "2023.11.07"]
[WhiteClock "0:00:06"]
[BlackClock "0:00:36"]
[Board "62"]

1. e4 c6 2. d4 d5 3. e5 Bf5 4. Nf3 h6 5. Be2 e6 6. O-O c5 7. Be3 Nc6 8. dxc5 Qc7 9. c3 Nxe5 10. Nxe5 Qxe5 11. Bb5+ Kd8 12. Qd2 Qc7 13. b4 Nf6 14. c4 Kc8 15. Nc3 a6 16. Ba4 dxc4 17. Rad1 Be7 18. Rfe1 Bd3 19. Bf4 Qd8 20. c6 b5 21. Bc2 Bxb4 22. Bxd3 Qxd3 23. Qxd3 cxd3 24. Rxd3 Rd8 25. Rxd8+ Kxd8 26. Be5 Ke7 27. c7 Rc8 28. Bxf6+ gxf6 29. Nd5+ Kd6 30. Nxb4 Rxc7 31. Nxa6 Ra7 32. Nb4 Ra4 33. Rb1 Kc5 34. Nd3+ Kb6 35. Rb2 Rd4 36. Ne1 Ka5 37. Kf1 Ka4 38. f3 e5 39. Ke2 h5 40. Nc2 Rd8 41. Ne3 h4 42. Ng4 f5 43. Ne3 f4 44. Nd1 b4 45. Nf2 Rg8 46. Kf1 Rd8 47. Ne4 Rd4 48. Ke2 Ka3 49. Rc2 Rd8 50. Nd2 f6 51. Nc4+ Ka4 52. Nb6+ Ka3 53. Nc4+ Ka4 54. Nb2+ Ka3 55. Nd3 f5 56. Rc4 Rb8 57. Nc1 Kb2 58. Rc7 Rb5 59. Kd3 Rd5+ 60. Ke2 Rb5 61. Rc4 Rb7 62. Nd3+ Ka3 63. Rc2 Re7 64. Nc5 e4 65. fxe4 fxe4 66. Nb3 Rg7 67. Kf2 e3+ 68. Kf3 Re7 69. Nd4 Re8 70. Ne2 b3 71. axb3 Kxb3 72. Rc7 Rf8 73. Nxf4 e2 74. Re7 e1=Q 75. Rxe1 Kc4 76. h3 Kd4 77. Kg4 Kc5 78. Rf1 Kd6 79. Kxh4 Rg8 80. g4 Ra8 81. Kg3 Ra3+ 82. Rf3 Ra1 83. g5 Ke7 84. h4 Kf7 85. Kg4 Kg7 86. Kh5 Ra3 87. Ne6+ Kh8 88. Rxa3 Kh7 89. Ra7+ Kh8 90. Kg6 Kg8 91. h5 Kh8 92. h6 Kg8 93. Kh5 Kh8 94. g6 Kg8 95. Kg4 Kh8 96. Kg3 Kg8 97. Kh3 Kh8 98. Kg2 Kg8 99. Kg1 Kh8 100. Kh1 Kg8 101. Kg2 Kh8 102. Kf1 Kg8 103. Ke2 Kh8 104. Kd3 Kg8 105. Ke4 Kh8 106. Kd5 Kg8 107. Kd6 Kh8 108. Ke5 Kg8 109. Kf6 Kh8 110. Ng5 Kg8 111. Rh7 Kf8 112. Rg7 Ke8 113. h7 Kd8 114. h8=N Kc8 115. Ke6 Kb8 116. Kd6 Ka8 117. Re7 Kb8 118. Nhf7 Ka8 119. Ne5 Kb8 120. g7 Ka8 121. g8=B Kb8 122. Bf7 Ka8 123. Ne6 Kb8 124. Nc6+ Ka8 125. Ra7# 1-0


[Site "https://www.chess.com"]

[Event "Titled Tuesday Blitz November 07 Late 2023"]
[White "Halak, Miklos"]
[Black "Fernandez Bustamante, Leancy B."]
[WhiteFideId "726400"]
[BlackFideId "3523870"]
[WhiteElo "2438"]
[BlackElo "2345"]
[Result "0-1"]
[Round "11"]
[TimeControl "180+1"]
[Date "2023.11.07"]
[WhiteClock "0:00:16"]
[BlackClock "0:00:56"]
[Board "64"]

1. e4 c5 2. Nf3 a6 3. c3 d5 4. exd5 Qxd5 5. d4 Bg4 6. Be2 e6 7. Na3 cxd4 8. Qa4+ Nd7 9. O-O Nf6 10. Nxd4 Bxe2 11. Nxe2 Be7 12. Rd1 Qh5 13. Ng3 Qg4 14. Qxg4 Nxg4 15. Nc4 Ngf6 16. Bg5 b5 17. Nd6+ Bxd6 18. Rxd6 Nd5 19. Re1 N7f6 20. Bxf6 Nxf6 21. Ne4 Ke7 22. Rb6 Rhb8 23. Rxb8 Rxb8 24. Nc5 a5 25. Rd1 Rc8 26. b4 a4 27. Kf1 Nd5 28. Rd3 Rc7 29. g3 Nb6 30. Ke2 Nc4 31. Rd4 Nb6 32. Kd3 e5 33. Re4 Kd6 34. f4 f6 35. fxe5+ fxe5 36. Rg4 g6 37. Rh4 Rf7 38. Ne4+ Kd5 39. Nd2 Rd7 40. Kc2 Ke6 41. Re4 Kf5 42. g4+ Ke6 43. Nf3 Nc4 44. Ng5+ Kf6 45. h4 Rd2+ 46. Kc1 Rxa2 47. Nf3 Rf2 48. Ne1 Rf1 49. Kd1 Nb2+ 50. Ke2 Rh1 51. g5+ Ke6 52. Re3 Rh2+ 53. Kf3 Nc4 54. Re4 Rh3+ 55. Kg2 Rxc3 56. Nf3 Rc2+ 57. Kg3 Rc3 58. h5 Rxf3+ 59. Kxf3 Nd2+ 60. Ke3 Nxe4 61. Kxe4 gxh5 62. g6 hxg6 63. Kd3 h4 64. Kc2 h3 65. Kb2 h2 66. Ka3 h1=Q 67. Ka2 Qe4 68. Ka1 Qxb4 69. Ka2 Qb3+ 70. Ka1 Qc3+ 71. Ka2 b4 72. Kb1 a3 73. Ka2 Qb2# 0-1


[Site "https://www.chess.com"]

[Event "Titled Tuesday Blitz November 07 Late 2023"]
[White "Bogaudinov, Rushan"]
[Black "ExchangeAB"]
[WhiteFideId "4129288"]
[WhiteElo "2330"]
[BlackElo "2434"]
[Result "1-0"]
[Round "11"]
[TimeControl "180+1"]
[Date "2023.11.08"]
[WhiteClock "0:00:06"]
[BlackClock "0:00:05"]
[Board "65"]

1. d4 d5 2. e3 c6 3. Nf3 Nf6 4. Be2 Bf5 5. O-O e6 6. b3 h6 7. Bb2 Nbd7 8. c4 Bd6 9. Nc3 O-O 10. a3 Rc8 11. b4 Ne4 12. Rc1 a6 13. Nxe4 Bxe4 14. Nd2 Bg6 15. Qb3 Qh4 16. g3 Qf6 17. f4 h5 18. h4 Qf5 19. Kg2 Nf6 20. Nf3 Ne4 21. Bd3 Qg4 22. Bxe4 Bxe4 23. Qd1 b5 24. c5 Be7 25. Kf2 Ra8 26. Bc3 f6 27. Nd2 Bd3 28. Qxg4 hxg4 29. Rh1 Bd8 30. Nb3 Bc4 31. Na5 Bxa5 32. bxa5 Kf7 33. h5 Rh8 34. Rh4 f5 35. Rch1 Rh6 36. R1h2 Rah8 37. Bb4 Kf6 38. Ke1 g6 39. Kf2 Rxh5 40. Rxh5 Rxh5 41. Kg1 Rh3 42. Be1 g5 43. Kg2 Bf1+ 44. Kg1 e5 45. dxe5+ Ke6 46. Bf2 gxf4 47. gxf4 d4 48. Rxh3 Bxh3 49. exd4 Kd5 50. Kh2 Bf1 51. Kg3 Bc4 52. Kh4 Ke4 53. Kg5 Kf3 54. Bh4 g3 55. Bxg3 Kxg3 56. Kxf5 Kf3 57. e6 Ke3 58. Ke5 Bxe6 59. Kxe6 Kxf4 60. d5 cxd5 61. Kxd5 b4 62. axb4 1-0


[Site "https://www.chess.com"]

[Event "Titled Tuesday Blitz November 07 Late 2023"]
[White "Minina, Veronika"]
[Black "GatoRojo150"]
[WhiteFideId "4174780"]
[WhiteElo "2301"]
[BlackElo "2573"]
[Result "0-1"]
[Round "11"]
[TimeControl "180+1"]
[Date "2023.11.07"]
[WhiteClock "0:00:54"]
[BlackClock "0:02:31"]
[Board "66"]

1. Nf3 d5 2. c4 dxc4 3. g3 Nc6 4. Bg2 e5 5. O-O e4 6. Ne1 h5 7. h4 g5 8. hxg5 Qxg5 9. d3 Qg7 10. dxe4 h4 11. gxh4 Rxh4 12. Qd5 Be6 13. Qg5 Qh7 14. Bf4 Be7 15. Qg3 O-O-O 16. Bxc7 Re8 17. Bf4 Nf6 18. Nc3 Nh5 19. Qe3 Nxf4 20. Nb5 Rg8 21. Nxa7+ Nxa7 22. Qxa7 Rh1# 0-1


[Site "https://www.chess.com"]

[Event "Titled Tuesday Blitz November 07 Late 2023"]
[White "Jarocka, Liwia"]
[Black "D`Arruda, Ricardo D."]
[WhiteFideId "21807558"]
[BlackFideId "100692"]
[WhiteElo "2345"]
[BlackElo "2496"]
[Result "1/2-1/2"]
[Round "11"]
[TimeControl "180+1"]
[Date "2023.11.07"]
[WhiteClock "0:00:23"]
[BlackClock "0:00:22"]
[Board "68"]

1. d4 Nf6 2. c4 e5 3. dxe5 Ne4 4. Nd2 Nc5 5. Ngf3 Nc6 6. e3 Qe7 7. Nb3 Nxb3 8. axb3 Nxe5 9. Be2 g6 10. O-O Bg7 11. Nd4 O-O 12. Nb5 d6 13. Bd2 a6 14. Nd4 Bd7 15. Bc3 Rfe8 16. Qd2 Rab8 17. h3 Nc6 18. Bf3 Ne5 19. Be2 c5 20. Nf3 Bc6 21. Ne1 f5 22. Rd1 Rbd8 23. f4 Nf7 24. Nc2 d5 25. Bxg7 Kxg7 26. cxd5 Rxd5 27. Qc3+ Qf6 28. Rxd5 Qxc3 29. bxc3 Bxd5 30. c4 Be4 31. Ne1 Rd8 32. Nf3 Bc2 33. Rc1 Be4 34. Kf2 Kf6 35. g4 Bxf3 36. Bxf3 b6 37. Rd1 Rxd1 38. Bxd1 Nd6 39. Bc2 b5 40. cxb5 axb5 41. Kf3 b4 42. Bd3 Ke6 43. e4 fxe4+ 44. Bxe4 Nb5 45. f5+ Kf6 46. Kf4 g5+ 47. Kg3 Nd4 48. Bd5 Ke5 49. Bc4 h6 50. h4 Nc2 51. hxg5 hxg5 52. Kf3 Na3 53. Bg8 Nc2 54. Ke2 Nd4+ 55. Ke3 Nb5 56. Bc4 Nd6 57. Kd3 Ne4 58. Ke3 Nf6 59. Kf3 Kd4 60. Be6 Ne4 61. Bc4 Nd2+ 62. Ke2 Nxc4 63. bxc4 Ke5 64. Kd3 Kf6 65. Kc2 Ke5 66. Kb3 Kf6 67. Kc2 Ke5 68. Kb3 Kf6 69. Kc2 1/2-1/2


[Site "https://www.chess.com"]

[Event "Titled Tuesday Blitz November 07 Late 2023"]
[White "Musovic, Armin"]
[Black "Shapiro, Daniel"]
[WhiteFideId "939935"]
[BlackFideId "2001780"]
[WhiteElo "2486"]
[BlackElo "2337"]
[Result "1-0"]
[Round "11"]
[TimeControl "180+1"]
[Date "2023.11.07"]
[WhiteClock "0:01:39"]
[BlackClock "0:00:00"]
[Board "69"]

1. a3 g6 2. Nc3 Bg7 3. e4 c5 4. Bc4 e6 5. Ba2 Ne7 6. d3 Nbc6 7. Nge2 d5 8. O-O O-O 9. Bg5 h6 10. Bh4 d4 11. Nb1 Kh7 12. Nd2 f5 13. exf5 exf5 14. f4 b5 15. Nf3 Qd6 16. Qd2 Nd5 17. Bxd5 Qxd5 18. Rae1 Bb7 19. Ng3 Rae8 20. Rxe8 Rxe8 21. Re1 Re3 22. c4 Qe6 23. cxb5 Nb8 24. Nf1 Rxe1 25. Qxe1 Qxe1 26. Nxe1 Nd7 27. b3 Bf8 28. a4 Nb6 29. Nd2 Nd5 30. Bg3 g5 31. fxg5 hxg5 32. Bb8 a6 33. bxa6 Bxa6 34. Nc4 g4 35. Kf2 Bh6 36. Bd6 Nf4 37. Bxc5 Ne6 38. Bd6 f4 39. Be5 Kg6 40. Nc2 Kf5 41. Bxd4 Nxd4 42. Nxd4+ Kf6 43. b4 Bf8 44. b5 Bc8 45. Nb3 Bb4 46. a5 Ke6 47. a6 Kd5 48. Nb6+ 1-0


[Site "https://www.chess.com"]

[Event "Titled Tuesday Blitz November 07 Late 2023"]
[White "Romero Ruscalleda, Josep"]
[Black "Khater, Sherif"]
[WhiteFideId "2231859"]
[BlackFideId "2034280"]
[WhiteElo "2314"]
[BlackElo "2480"]
[Result "0-1"]
[Round "11"]
[TimeControl "180+1"]
[Date "2023.11.08"]
[WhiteClock "0:00:24"]
[BlackClock "0:01:42"]
[Board "70"]

1. e4 a6 2. d4 c6 3. Nf3 d5 4. e5 Bf5 5. c3 e6 6. Nbd2 Nd7 7. Be2 h6 8. Nf1 Ne7 9. Ng3 Bh7 10. O-O Nf5 11. Qb3 b5 12. a4 Nxg3 13. hxg3 Be7 14. Be3 O-O 15. Ra2 Nb6 16. axb5 axb5 17. Rfa1 Rxa2 18. Qxa2 Nc4 19. b3 Nxe3 20. fxe3 Bg5 21. Kf2 f6 22. Nxg5 hxg5 23. Kg1 fxe5 24. dxe5 Qc7 25. c4 Qxe5 26. cxd5 Qxe3+ 27. Kh1 exd5 28. Bg4 Qxg3 29. Be6+ Kh8 30. Qa7 Be4 31. Qg1 Qh4+ 32. Qh2 Qxh2+ 33. Kxh2 d4 34. Kg3 g6 35. b4 Kg7 36. Rd1 d3 37. Bd7 Kf6 38. Bg4 Ke5 39. Rc1 Kd4 40. Rc5 Rf4 41. Rxg5 Rxg4+ 42. Rxg4 d2 43. Rxg6 Bxg6 0-1


[Site "https://www.chess.com"]

[Event "Titled Tuesday Blitz November 07 Late 2023"]
[White "Mesa Cruz, Juan Carlos"]
[Black "Carrasco Miranda, Andres"]
[WhiteFideId "6423400"]
[BlackFideId "3405990"]
[WhiteElo "2309"]
[BlackElo "2411"]
[Result "0-1"]
[Round "11"]
[TimeControl "180+1"]
[Date "2023.11.08"]
[WhiteClock "0:00:03"]
[BlackClock "0:00:18"]
[Board "71"]

1. e4 e5 2. Nf3 Nc6 3. Bb5 Nf6 4. d3 Bc5 5. c3 O-O 6. b4 Be7 7. a4 d5 8. Bxc6 bxc6 9. Nxe5 dxe4 10. Nxc6 Qe8 11. Nxe7+ Qxe7 12. O-O Rd8 13. Re1 Qd6 14. Bg5 Ng4 15. g3 f6 16. Bf4 Qxd3 17. Qxd3 exd3 18. Nd2 Bb7 19. h3 Ne5 20. Bxe5 fxe5 21. Rxe5 Re8 22. Rae1 Rxe5 23. Rxe5 Kf7 24. f4 Rd8 25. Kf2 Bc8 26. g4 Bd7 27. a5 Ba4 28. Ke3 Bc2 29. Re4 Rd6 30. Re5 Rh6 31. Rh5 Re6+ 32. Re5 Rh6 33. Nf3 Rxh3 34. Kf2 Rxf3+ 35. Kxf3 d2 36. Rd5 d1=Q+ 37. Rxd1 Bxd1+ 38. Ke4 Bxg4 39. Kd5 Bd7 40. Kc5 h5 41. c4 h4 42. b5 h3 43. b6 axb6+ 44. axb6 cxb6+ 45. Kxb6 h2 46. c5 h1=Q 47. Kc7 Qc6+ 0-1


[Site "https://www.chess.com"]

[Event "Titled Tuesday Blitz November 07 Late 2023"]
[White "Tokat, Nehir"]
[Black "Inepton_Fermion"]
[WhiteFideId "34557555"]
[WhiteElo "2251"]
[BlackElo "2408"]
[Result "0-1"]
[Round "11"]
[TimeControl "180+1"]
[Date "2023.11.07"]
[WhiteClock "0:00:09"]
[BlackClock "0:00:04"]
[Board "72"]

1. d4 Nf6 2. Bg5 d5 3. e3 e6 4. Nd2 Be7 5. Ngf3 O-O 6. h3 Nbd7 7. Bd3 h6 8. Bh4 c5 9. c4 cxd4 10. exd4 dxc4 11. Bxc4 b6 12. O-O Bb7 13. a3 a6 14. Rc1 b5 15. Ba2 Nb6 16. Qe2 Nfd5 17. Bg3 Bd6 18. Ne5 Rc8 19. Bb1 Nf6 20. Qd3 Be7 21. Bh4 Qd5 22. f3 Rfd8 23. Rxc8 Nxc8 24. Nb3 Nd6 25. Rc1 Nf5 26. Bxf6 Bxf6 27. g4 Nxd4 28. Qh7+ Kf8 29. Qh8+ Ke7 30. Rc7+ Kd6 31. Nxf7+ Kxc7 32. Nxd8 Qxd8 33. Qxd8+ Kxd8 34. Nxd4 Bxd4+ 35. Kg2 e5 36. Kg3 Ke7 37. Be4 Bd5 38. Bxd5 Kd6 39. Be4 Bxb2 40. Bb7 a5 41. Ba6 Kc5 42. f4 exf4+ 43. Kxf4 Bxa3 44. Bb7 Bb2 45. Be4 a4 46. Ke3 b4 47. Bb1 b3 48. Kd2 a3 49. Kd3 a2 50. Ke4 axb1=Q+ 0-1


[Site "https://www.chess.com"]

[Event "Titled Tuesday Blitz November 07 Late 2023"]
[White "Marchesich, Giovanni"]
[Black "Chemin, Justo Reinaldo"]
[WhiteFideId "2824790"]
[BlackFideId "2101580"]
[WhiteElo "2407"]
[BlackElo "2220"]
[Result "1/2-1/2"]
[Round "11"]
[TimeControl "180+1"]
[Date "2023.11.07"]
[WhiteClock "0:00:12"]
[BlackClock "0:00:04"]
[Board "73"]

1. e4 d5 2. exd5 Qxd5 3. Nf3 Nf6 4. Be2 c6 5. O-O Bf5 6. c4 Qd8 7. d4 e6 8. Nc3 Be7 9. Bf4 O-O 10. h3 h6 11. Qd2 Nbd7 12. Rad1 Bb4 13. Rfe1 Ne4 14. Qc1 Qa5 15. Bd2 Nxd2 16. Nxd2 Bxc3 17. Qxc3 Qxc3 18. bxc3 Rfd8 19. c5 Nf6 20. Bf3 Nd5 21. g4 Bg6 22. Bxd5 cxd5 23. Nf3 b6 24. Ne5 bxc5 25. Nxg6 fxg6 26. Rxe6 cxd4 27. cxd4 g5 28. Rc1 Rd7 29. Rc5 Rb8 30. Re5 Rb1+ 31. Kg2 Rb2 32. Ra5 Rf7 33. Rf5 Rxf5 34. gxf5 Rd2 35. Rxd5 Rxa2 36. Rd7 a5 37. Kf3 a4 38. d5 a3 39. d6 Rd2 40. Ra7 Rxd6 41. Rxa3 Rd4 42. Kg3 Kf7 43. Ra5 Kf6 44. f3 Rf4 45. Ra6+ Kxf5 46. Ra5+ Kg6 47. Ra6+ Kh7 48. Ra7 Rf6 49. Ra5 h5 50. Rxg5 g6 51. Ra5 Kh6 52. f4 Rb6 53. Ra3 Rb4 54. Kf3 Rc4 55. h4 Rc1 56. Ra6 Rf1+ 57. Kg3 Rg1+ 58. Kf3 Rg4 59. f5 Rxh4 60. Rxg6+ Kh7 61. Rg5 Kh6 62. Rg1 Ra4 63. Rg6+ Kh7 64. Rb6 h4 65. Rg6 Rc4 66. Rg5 Kh6 67. Rg8 Kh7 68. Rg6 Rb4 69. Kg2 Rc4 70. Kh3 Rf4 71. Rg5 Kh6 72. Rg6+ Kh5 73. Rf6 Kg5 74. Rf8 Rf3+ 75. Kg2 Rxf5 76. Rxf5+ Kxf5 77. Kh2 Kg5 78. Kh1 Kg4 79. Kh2 h3 80. Kh1 Kf3 81. Kh2 Kg4 82. Kh1 Kh4 83. Kh2 Kg4 1/2-1/2


[Site "https://www.chess.com"]

[Event "Titled Tuesday Blitz November 07 Late 2023"]
[White "Vila Dupla, Aurelio"]
[Black "Pavlidou, Ekaterini"]
[WhiteFideId "2203383"]
[BlackFideId "4213262"]
[WhiteElo "2198"]
[BlackElo "2352"]
[Result "1-0"]
[Round "11"]
[TimeControl "180+1"]
[Date "2023.11.07"]
[WhiteClock "0:01:41"]
[BlackClock "0:01:04"]
[Board "74"]

1. Nf3 c5 2. c4 Nc6 3. Nc3 e5 4. e3 f5 5. d4 e4 6. d5 exf3 7. dxc6 bxc6 8. Qxf3 g6 9. e4 Ne7 10. Bg5 Bg7 11. exf5 gxf5 12. Qh5+ Kf8 13. O-O-O h6 14. Bh4 Rh7 15. Re1 Bxc3 16. bxc3 Qa5 17. Bxe7+ Rxe7 18. Qxh6+ Kg8 1-0


[Site "https://www.chess.com"]

[Event "Titled Tuesday Blitz November 07 Late 2023"]
[White "Harriott, Tyrell"]
[Black "VitaliyChayka"]
[WhiteFideId "2086484"]
[WhiteElo "2350"]
[BlackElo "2159"]
[Result "0-1"]
[Round "11"]
[TimeControl "180+1"]
[Date "2023.11.07"]
[WhiteClock "0:01:40"]
[BlackClock "0:00:05"]
[Board "75"]

1. d4 g6 2. e3 c5 3. Bd3 Bg7 4. c3 b6 5. f4 Bb7 6. Nf3 Nf6 7. O-O O-O 8. f5 d6 9. Nbd2 d5 10. Qe1 Nbd7 11. Qh4 e6 12. fxg6 hxg6 13. Ng5 Re8 14. Bb5 Re7 15. Bxd7 Qxd7 16. Ndf3 Ne4 17. Nxe4 dxe4 18. Ng5 Rd8 19. b3 b5 20. Ba3 b4 21. cxb4 cxb4 22. Bxb4 Ree8 23. Qh8+ Bxh8 24. Nxf7 Qxf7 25. Rxf7 Kxf7 26. Rc1 Rc8 27. Rf1+ Kg8 28. g3 Rc2 29. a4 Rec8 30. Bc5 a5 31. h4 Bg7 32. Rd1 Bh6 33. Re1 Bf8 34. Bb6 Bb4 35. Rf1 Rc1 36. Rxc1 Rxc1+ 37. Kg2 Bd5 38. Kh3 Rc2 39. Kg4 Bxb3 40. Kf4 Bd5 41. Ke5 Rf2 42. Bc7 Rf5# 0-1


[Site "https://www.chess.com"]

[Event "Titled Tuesday Blitz November 07 Late 2023"]
[White "Tarnowska, Aleksandra"]
[Black "Haitin, Ilja"]
[WhiteFideId "1180967"]
[BlackFideId "4501764"]
[WhiteElo "2176"]
[BlackElo "2393"]
[Result "0-1"]
[Round "11"]
[TimeControl "180+1"]
[Date "2023.11.07"]
[WhiteClock "0:00:02"]
[BlackClock "0:00:07"]
[Board "76"]

1. e4 e5 2. Nf3 Nc6 3. Bb5 d6 4. O-O Bd7 5. c3 a6 6. Ba4 Nf6 7. Bc2 g6 8. d4 Bg7 9. h3 O-O 10. Re1 Re8 11. Nbd2 exd4 12. cxd4 Nb4 13. Bb1 a5 14. a3 Nc6 15. Nf1 d5 16. e5 Ne4 17. Ng3 Nxg3 18. fxg3 Ne7 19. Bg5 h6 20. Bd2 c5 21. dxc5 Qc7 22. Be3 Nf5 23. Bxf5 Bxf5 24. Bd4 Be4 25. Rc1 Bxf3 26. Qxf3 Bxe5 27. Qxd5 Bxd4+ 28. Qxd4 Qxg3 29. Qf2 Qb3 30. Red1 Re7 31. Rd2 Rae8 32. Rcd1 Qb5 33. Rd8 a4 34. Kh2 Re2 35. Rxe8+ Qxe8 36. Qd4 Qe5+ 37. Qxe5 Rxe5 38. Rd7 Rxc5 39. Rxb7 Rc2 40. Rb4 Kg7 41. Rxa4 Rxb2 42. Ra6 Ra2 43. Kg3 g5 44. Kf3 f6 45. g3 Kg6 46. Kg4 Rf2 47. h4 h5+ 48. Kh3 g4# 0-1


[Site "https://www.chess.com"]

[Event "Titled Tuesday Blitz November 07 Late 2023"]
[White "Maect19"]
[Black "Pace, Christopher"]
[BlackFideId "2610167"]
[WhiteElo "2332"]
[BlackElo "2405"]
[Result "1-0"]
[Round "11"]
[TimeControl "180+1"]
[Date "2023.11.07"]
[WhiteClock "0:01:01"]
[BlackClock "0:00:00"]
[Board "77"]

1. d4 Nf6 2. Nf3 g6 3. c3 Bg7 4. Bg5 O-O 5. Nbd2 d5 6. e3 c5 7. Be2 Nc6 8. O-O Bf5 9. dxc5 a5 10. Nd4 Bd7 11. a4 e5 12. Nxc6 Bxc6 13. Bb5 Qc7 14. b4 b6 15. Nb3 Ne4 16. Bxc6 Qxc6 17. b5 Qc7 18. Qxd5 Nxg5 19. c6 Rfd8 20. Qc4 Rd6 21. Rad1 Rad8 22. Rxd6 Rxd6 23. Qe2 Ne4 24. Qc2 f5 25. c4 Bf8 26. c5 bxc5 27. Nxc5 Nxc5 28. Qxc5 Rd8 29. Qc4+ Kg7 30. g3 Bb4 31. Rc1 Rd2 32. Qe6 Bd6 33. Rb1 1-0


[Site "https://www.chess.com"]

[Event "Titled Tuesday Blitz November 07 Late 2023"]
[White "KorolDimitriy75"]
[Black "Gerbelli Neto, Eduardo"]
[BlackFideId "2103281"]
[WhiteElo "2323"]
[BlackElo "2369"]
[Result "1-0"]
[Round "11"]
[TimeControl "180+1"]
[Date "2023.11.07"]
[WhiteClock "0:01:26"]
[BlackClock "0:00:59"]
[Board "78"]

1. d4 d5 2. c4 c6 3. Nc3 Nf6 4. e3 e6 5. Nf3 Nbd7 6. Bd3 dxc4 7. Bxc4 b5 8. Be2 a6 9. e4 c5 10. e5 cxd4 11. Qxd4 Bc5 12. Qh4 Nd5 13. Qg3 Kf8 14. O-O Nxc3 15. bxc3 Bb7 16. Rd1 Qc7 17. a4 Rb8 18. axb5 axb5 19. Bxb5 Bxf3 20. Rxd7 Rd8 21. Rxc7 Rd1+ 22. Bf1 Be2 23. Bb2 1-0


[Site "https://www.chess.com"]

[Event "Titled Tuesday Blitz November 07 Late 2023"]
[White "TheAlienParty"]
[Black "Quirke, Jeffrey"]
[BlackFideId "2013029"]
[WhiteElo "2334"]
[BlackElo "2259"]
[Result "1-0"]
[Round "11"]
[TimeControl "180+1"]
[Date "2023.11.08"]
[WhiteClock "0:00:24"]
[BlackClock "0:00:00"]
[Board "80"]

1. Nf3 Nf6 2. b3 g6 3. Bb2 Bg7 4. g3 O-O 5. Bg2 d6 6. O-O Nc6 7. d4 e5 8. d5 Ne7 9. c4 Nh5 10. Qd2 f5 11. Ng5 Bh6 12. h4 Ng7 13. e4 f4 14. gxf4 Rxf4 15. Ne6 Nxe6 16. dxe6 Bxe6 17. Nc3 Rxh4 18. Qd3 g5 19. Nd5 Ng6 20. Qf3 Nf4 21. Nxf4 Rxf4 22. Qh5 Qf6 23. Bc1 Bf7 24. Qh3 g4 25. Qg3 Bh5 26. Bxf4 Bxf4 27. Qd3 Qh4 28. Rfe1 Rf8 29. Re2 Qh2+ 30. Kf1 g3 31. f3 Bg4 32. Ke1 Bh3 33. Bxh3 Qxh3 34. Kd1 g2 35. Kc2 Bh2 36. Qd2 Qxf3 37. Rxg2+ Bg3 38. Qg5+ Kh8 39. Qxg3 Qxe4+ 40. Kb2 1-0


[Site "https://www.chess.com"]

[Event "Titled Tuesday Blitz November 07 Late 2023"]
[White "PapaieDudu"]
[Black "Zampronha, Wladimir Camilo"]
[BlackFideId "2103087"]
[WhiteElo "2356"]
[BlackElo "2307"]
[Result "1-0"]
[Round "11"]
[TimeControl "180+1"]
[Date "2023.11.07"]
[WhiteClock "0:00:23"]
[BlackClock "0:00:00"]
[Board "81"]

1. e4 c5 2. Nf3 e6 3. d4 cxd4 4. Nxd4 Nc6 5. Nc3 Qc7 6. Be3 a6 7. Qd2 Nf6 8. O-O-O Bb4 9. f3 d5 10. a3 Bd6 11. exd5 exd5 12. Bd3 O-O 13. g4 Re8 14. Kb1 Be5 15. g5 Nxd4 16. Bxd4 Bxd4 17. Bxh7+ Nxh7 18. Qxd4 Be6 19. f4 Qc4 20. Qd2 d4 21. Qxd4 Qxd4 22. Rxd4 Red8 23. Rhd1 Rxd4 24. Rxd4 g6 25. Ne4 Bf5 26. Nd6 Be6 27. Nxb7 Rb8 28. Nc5 Rb6 29. Ne4 Kg7 30. c4 Nf8 31. c5 Rb3 32. Nf6 Rh3 33. Rd2 Rf3 34. Rd4 Rh3 35. Rd2 Rf3 36. Rd6 Rxf4 37. Rxa6 Rf2 38. c6 Bf5+ 39. Ka2 Ne6 40. h4 Rh2 41. Ra8 Nf8 42. c7 Rxh4 43. c8=Q Bxc8 44. Rxc8 Rd4 45. b4 Rd2+ 46. Kb3 Rg2 47. Ne4 Rg4 48. Rc4 Ne6 49. b5 Nxg5 50. Nxg5 Rxg5 51. b6 Rg1 52. Rb4 Re1 53. b7 Re8 54. b8=Q Rxb8 55. Rxb8 g5 56. Kc2 g4 57. Kd3 g3 58. Ke2 1-0


[Site "https://www.chess.com"]

[Event "Titled Tuesday Blitz November 07 Late 2023"]
[White "Skaric, Djuro"]
[Black "Petersson, Kjell"]
[WhiteFideId "934569"]
[BlackFideId "1705148"]
[WhiteElo "2341"]
[BlackElo "2136"]
[Result "1-0"]
[Round "11"]
[TimeControl "180+1"]
[Date "2023.11.07"]
[WhiteClock "0:01:04"]
[BlackClock "0:00:00"]
[Board "82"]

1. g3 f5 2. Bg2 Nf6 3. d3 Nc6 4. Nc3 e5 5. Nf3 Bb4 6. O-O d6 7. h3 O-O 8. Bg5 Bxc3 9. bxc3 Qe8 10. Bxf6 Rxf6 11. e4 f4 12. d4 fxg3 13. fxg3 Bd7 14. d5 Na5 15. Nh4 Rxf1+ 16. Bxf1 Qf7 17. Qd2 Rf8 18. Bd3 Bxh3 19. Kh2 Bg4 20. Rf1 Qe7 21. c4 b6 22. Nf5 Bxf5 23. exf5 Rf6 24. Qe3 Rh6+ 25. Kg2 Qf6 26. c5 bxc5 27. Ba6 Qf7 28. c4 Qh5 29. Qc3 Qh3+ 30. Kf2 Qxf5+ 31. Ke1 Qe4+ 32. Kd1 Qg4+ 33. Kc1 Qg5+ 34. Kb2 Rh2+ 35. Ka3 Rh3 36. Rf3 h6 37. Bc8 Rh2 38. Be6+ Kh7 39. Bf5+ Kh8 40. Bb1 1-0


[Site "https://www.chess.com"]